 Dungeon Crawl Stone Soup version 0.27.1 (webtiles) character file.

Game seed: 2783492316698051377

13092 nxtlvl the Arsonist (level 11, -2/58 HPs)
             Began as a Deep Elf Monk on Aug 30, 2021.
             Was an Elder of Vehumet.
             Slain by a black mamba (8 damage)
             ... while petrified by a basilisk
             ... on level 4 of the Lair of Beasts on Aug 31, 2021.
             The game lasted 01:28:41 (5746 turns).

nxtlvl the Arsonist (Deep Elf Monk)                 Turns: 5746, Time: 01:28:41

Health: -2/58      AC:  8    Str:  8    XL:     11   Next: 71%
Magic:  9/27       EV:  2    Int: 23    God:    Vehumet [****..]
Gold:   754        SH:  0    Dex: 17    Spells: 7/30 levels left

rFire    . . .     SeeInvis .   a - +5 dagger (flame)
rCold    . . .     Faith    .   (no shield)
rNeg     + + +     Spirit   .   B - +2 robe of Gestures {Int+4}
rPois    ∞         Reflect  .   (no helmet)
rElec    .         Harm     .   d - +2 cloak
rCorr    +         Rampage  .   e - +0 pair of gloves
Will     +....                  (no boots)
Stlth    +.........             f - amulet of regeneration
HPRegen  1.19/turn              o - ring of positive energy
MPRegen  0.20/turn              l - ring of resist corrosion

@: lethally poisoned (-2 -> -2), silenced, petrified
A: no striking features
a: Renounce Religion


You were on level 4 of the Lair of Beasts.
You worshipped Vehumet.
Vehumet was greatly pleased with you.
You visited 3 branches of the dungeon, and saw 16 of its levels.
You also visited: Volcano.

You collected 754 gold pieces.

Inventory:

Hand Weapons
 a - a +5 dagger of flaming (weapon)
 b - a +2 rapier of draining
 j - a +0 quarterstaff
 A - a +2 dagger of protection
Missiles
 g - 79 arrows
 z - 10 atropa-tipped darts (quivered)
 E - 35 poisoned darts
 I - 10 curare-tipped darts
 L - 2 throwing nets
Armour
 c - a +3 ring mail of willpower
 d - a +2 cloak (worn)
 e - a +0 pair of gloves (worn)
 w - a +0 robe
 B - the +2 robe of Gestures (worn) {Int+4}
   (You found it on level 3 of the Lair of Beasts)

   Int:       It affects your intelligence (+4).
 C - the +0 robe of Valiance {Rampage rPois SInv}
   (You found it on level 1 of the Lair of Beasts)

   rPois:     It protects you from poison.
   SInv:      It lets you see invisible.
   Rampage:   It bestows one free step when moving towards enemies.
Jewellery
 f - an amulet of regeneration (around neck)
 l - a ring of resist corrosion (right hand)
 o - a ring of positive energy (left hand)
Wands
 N - a wand of iceblast (4)
 P - a wand of digging (5)
 Q - a wand of polymorph (23)
Scrolls
 i - a scroll of fog
 m - 2 scrolls of enchant weapon
 p - a scroll of torment
 r - 2 scrolls of vulnerability
 s - a scroll of amnesia {unknown}
 t - a scroll of teleportation {unknown}
 u - 4 scrolls of enchant armour
 v - 3 scrolls of magic mapping
 y - a scroll of blinking
 K - a scroll of silence
Potions
 k - 3 potions of curing {unknown}
 n - a potion of cancellation
 q - 3 potions of mutation {unknown}
 x - a potion of berserk rage
 D - a potion of resistance
 F - 2 potions of degeneration {unknown}
 G - a potion of lignification
 H - 2 potions of haste {unknown}
 J - 2 potions of flight {unknown}
 M - 5 potions of brilliance {unknown}
 O - a potion of ambrosia
 R - a potion of attraction {unknown}
 S - a potion of might


   Skills:
 - Level 2.4 Fighting
 - Level 4.0 Short Blades
 + Level 10.1 Dodging
 - Level 2.4 Stealth
 + Level 10.1 Spellcasting
 - Level 9.0 Conjurations
 * Level 10.5 Fire Magic
 - Level 9.0 Earth Magic


You had 7 spell levels left.
You knew the following spells:

 Your Spells              Type           Power      Damage    Failure   Level
b - Iron Shot             Conj/Erth      26%        9d6       6%          6
c - Sticky Flame          Conj/Fire      54%        2d7       1%          4
q - Inner Flame           Hex/Fire       35%        N/A       1%          3
v - Bolt of Magma         Conj/Fire/Erth 26%        4d12      1%          5
x - Magic Dart            Conj           100%       1d8       1%          1
z - Foxfire               Conj/Fire      100%       2x1d9     1%          1
Z - Conjure Flame         Conj/Fire      54%        6-21      1%          3

Your spell library contained the following spells:

 Spells                   Type           Power      Damage    Failure   Level
 Airstrike                Air            5%         N/A       16%         4
 Passwall                 Tmut/Erth      26%        N/A       1%          2
 Blink                    Tloc           N/A        N/A       9%          2
 Animate Armour           Summ/Erth      64%        N/A       9%          4
 Leda's Liquefaction      Hex/Erth       16%        N/A       9%          4
 Lesser Beckoning         Tloc           5%         N/A       17%         3
 Ozocubu's Armour         Ice            11%        N/A       17%         3
 Swiftness                Air            11%        N/A       17%         3
 Statue Form              Tmut/Erth      21%        N/A       80%         6
 Blade Hands              Tmut           5%         N/A       83%         5
 Manifold Assault         Tloc           11%        N/A       83%         5
 Metabolic Englaciation   Hex/Ice        5%         N/A       83%         5
 Invisibility             Hex            5%         N/A       100%        6
 Simulacrum               Ice/Necr       5%         N/A       100%        6
 Storm Form               Tmut/Air       5%         N/A       100%        7
 Ignition                 Fire           28%        3d9       71%         8


Dungeon Overview and Level Annotations

Branches:
Dungeon (10/15)            Temple (1/1) D:5            Lair (5/6) D:10
 Shoals (0/4) Lair:3       Spider (0/4) Lair:4      Volcano (visited)
  Slime: Lair:5-6       Orc: D:9-12

Altars:
Ashenzari
Cheibriados
Dithmenos
Gozag
Kikubaaqudgha
Makhleb
Nemelex Xobeh
Okawaru
Qazlal
Ru
Sif Muna
Uskayaw
Vehumet
Wu Jian
Xom
Yredelemnul
Zin
The Shining One

Annotations:
D:2 Natasha
D:7 1 runed translucent door, Renzlar's ghost, novice GnFi
D:9 Erolcha; Pikel
D:10 Grum


Message History

Your Spellcasting skill increases to level 10!
Okay, then.
A black mamba comes into view.
The basilisk hisses menacingly.
As you read the scroll labelled ABBUGE QASEUHO, it crumbles to dust.
A profound silence engulfs you.
It was a scroll of silence.
The basilisk gazes at you.
You are slowing down.
Magic scrolls do not work when you're silenced!
You hit the black mamba. You burn the black mamba.
The black mamba is lightly wounded.
The black mamba bites you but does no damage.
The black mamba bites you. The basilisk gazes at you.
You easily resist.
Your limbs are stiffening.
Unknown command.
Unknown command.
The black mamba bites you but does no damage.
The black mamba bites you!
You are poisoned.
The black mamba poisons you!
You have turned to stone.
The black mamba bites you but does no damage.
The black mamba bites you! The black mamba completely misses you.
The black mamba bites you! The black mamba bites you.
The black mamba bites you! The basilisk gazes at you.
You easily resist.
The black mamba completely misses you.
A seven-headed hydra comes into view.
The black mamba bites you!
* * * LOW HITPOINT WARNING * * *
The black mamba bites you!
* * * LOW HITPOINT WARNING * * *
The black mamba bites you!
* * * LOW HITPOINT WARNING * * *
The basilisk bites you but does no damage.
The black mamba bites you but does no damage.
The basilisk completely misses you. The black mamba bites you.
* * * LOW HITPOINT WARNING * * *
The black mamba bites you!
You die...

,,,,,,.......................♣...
,,,,,,........................≈..
,,,,,,.......................♣≈≈.
,,,,,,........................,,≈
,*,**,,...P.#†+##.......#...#.,,≈
,,,*,,,....#.#.###P....###+..,,*,
,,,,*,,.,,*##.DP###....#*,,,,**,,
,,,,,,,,,,*#..Pl..#....#,,,,,,*,,
,,,,,,,,,,,##..S@......#*,,,,,,,,
*,*,,,,,,........##....#*,*+,**,,
**,,*,,,#.......###.....#*,,,,,,,
,,,,,,,*#≈.≈.≈.≈#*#.......,,,,,,,
,,,,,,,,≈.≈.≈.≈.≈,#....°...,,,,,,
,,,,,,,,.≈._._.≈.,.........,,,,,,
,,,,,^,,≈.≈.≈.≈.≈,.........,,,,,,
,,,,,,,**≈.≈.≈.≈**,.......,,,,,,,
**,,***,*,,,,,,,*,,,,,,,,,,,,,,,,


You could see a seven-headed hydra, a black mamba and a basilisk.

Vanquished Creatures
  2 boulder beetles (Lair:4)
  A two-headed ogre (D:10)
  4 elephants (Lair:2)
  2 cane toads
  A rime drake (Lair:2)
  3 komodo dragons
  A polar bear (Lair:3)
  A slime creature (D:7)
  A wyvern (Lair:3)
  20 yaks
  2 basilisks
  A steam dragon (D:7)
  5 water moccasins
  2 hell hounds (Lair:2)
  A sky beast (D:5)
  2 orc warriors
  2 black bears
  An ogre (D:5)
  A centaur (D:9)
  A lemure (D:9)
  2 phantoms (D:5)
  3 kobold brigands
  6 bullfrogs
  A water moccasin zombie (D:5)
  A water moccasin skeleton (D:6)
  4 killer bees
  11 wights
  A howler monkey (D:9)
  3 electric eels
  2 centaur zombies
  2 jellies
  2 hounds (D:4)
  A gnoll shaman (D:5)
  An orc priest (D:7)
  A bullfrog skeleton (D:4)
  A centaur skeleton (D:5)
  Jessica (D:2)
  3 iguanas
  6 orc wizards
  A hound skeleton (D:4)
  A gnoll (D:6)
  3 adders
  A shadow imp (D:6)
  3 white imps
  A worm (D:4)
  15 orcs
  13 endoplasms
  3 giant cockroaches
  3 goblins
  4 hobgoblins
  18 kobolds
  2 quokkas
  6 ball pythons
  2 frilled lizards
  5 rats
  A toadstool (D:1)
188 creatures vanquished.

Vanquished Creatures (collateral kills)
  Harold (D:10)
  An elephant (D:10)
  2 yaks (D:10)
  A basilisk (D:10)
  A foxfire (Lair:3)
6 creatures vanquished.

Vanquished Creatures (others)
  477 foxfires
  9 fungi
  9 plants
  2 toadstools (D:1)
497 creatures vanquished.

Grand Total: 691 creatures vanquished

Notes
Turn   | Place    | Note
-------+----------+-------------------------------------------
     0 | D:1      | nxtlvl the Deep Elf Monk began the quest for the Orb.
     0 | D:1      | Reached XP level 1. HP: 13/13 MP: 3/3
    92 | D:1      | Got the Reference Book on Cold and the Arsonist
   394 | D:2      | Reached skill level 1 in Spellcasting
   394 | D:2      | Reached XP level 2. HP: 11/18 MP: 3/6
   400 | D:2      | Learned a level 1 spell: Foxfire
   510 | D:2      | Reached XP level 3. HP: 22/22 MP: 7/7
   578 | D:2      | Noticed Natasha
   722 | D:2      | Noticed Jessica
   743 | D:2      | Killed Jessica
   744 | D:2      | Reached skill level 1 in Conjurations
   744 | D:2      | Reached skill level 1 in Fire Magic
   839 | D:3      | Reached XP level 4. HP: 27/27 MP: 9/9
  1005 | D:3      | Found an ancient bone altar of Kikubaaqudgha.
  1103 | D:4      | Noticed an orc warrior
  1198 | D:4      | Reached XP level 5. HP: 29/31 MP: 5/10
  1337 | D:5      | Entered Level 5 of the Dungeon
  1368 | D:4      | Noticed an orc warrior
  1494 | D:4      | Found a basalt altar of Yredelemnul.
  1545 | D:5      | Found a stormy altar of Qazlal.
  1545 | D:5      | Noticed a sky beast
  1554 | D:5      | Killed a sky beast
  1555 | D:5      | Reached XP level 6. HP: 26/36 MP: 8/11
  1604 | D:5      | Noticed a water moccasin
  1634 | D:5      | Killed a water moccasin
  1678 | D:5      | Reached XP level 7. HP: 36/40 MP: 6/13
  1779 | D:5      | Found a burning altar of Makhleb.
  1833 | D:5      | Found a staircase to the Ecumenical Temple.
  1842 | Temple   | Entered the Ecumenical Temple
  1850 | D:5      | Reached skill level 5 in Conjurations
  1850 | D:5      | Reached skill level 5 in Fire Magic
  1881 | Temple   | Became a worshipper of Vehumet
  1881 | Temple   | Reached * piety under Vehumet
  1881 | Temple   | Offered knowledge of Magic Dart by Vehumet.
  1881 | Temple   | Reached ** piety under Vehumet
  1884 | Temple   | Learned a level 1 spell: Magic Dart
  2052 | D:5      | Offered knowledge of Shock by Vehumet.
  2151 | D:6      | Found a broken altar of Ashenzari.
  2346 | D:7      | Found a shadowy altar of Dithmenos.
  2347 | D:7      | Found a glowing silver altar of Zin.
  2434 | D:8      | Found an opulent altar of Gozag.
  2473 | D:7      | Reached XP level 8. HP: 28/45 MP: 14/14
  2670 | D:7      | Noticed a slime creature
  2670 | D:7      | Noticed a slime creature
  2683 | D:7      | Noticed a slime creature
  2700 | D:7      | Learned a level 4 spell: Sticky Flame
  2704 | D:7      | Learned a level 3 spell: Conjure Flame
  2726 | D:7      | Killed a slime creature
  2921 | D:7      | Offered knowledge of Static Discharge by Vehumet.
  2927 | D:7      | Found a shimmering blue altar of Sif Muna.
  2965 | D:7      | Found a runed translucent door.
  2966 | D:7      | Noticed Renzlar's ghost (novice GnFi)
  3184 | D:8      | Reached XP level 9. HP: 49/49 MP: 11/15
  3265 | D:8      | Reached *** piety under Vehumet
  3297 | D:8      | Learned a level 5 spell: Bolt of Magma
  3338 | D:9      | Noticed Pikel
  3498 | D:9      | Reached skill level 1 in Earth Magic
  3566 | D:10     | Entered Level 10 of the Dungeon
  3658 | D:10     | Noticed Harold
  3663 | D:10     | Noticed an elephant
  3666 | D:10     | Killed Harold
  3666 | D:10     | Offered knowledge of Inner Flame by Vehumet.
  3672 | D:10     | Reached skill level 5 in Dodging
  3676 | D:10     | Reached skill level 5 in Spellcasting
  3678 | D:10     | Killed an elephant
  3679 | D:10     | Reached skill level 5 in Earth Magic
  3753 | D:10     | Learned a level 3 spell: Inner Flame
  3781 | D:9      | Noticed Erolcha
  3901 | D:9      | Reached XP level 10. HP: 54/54 MP: 1/19
  3943 | D:9      | Reached **** piety under Vehumet
  4079 | D:10     | Noticed Grum
  4143 | D:10     | Offered knowledge of Airstrike by Vehumet.
  4185 | D:10     | Noticed a two-headed ogre
  4199 | D:10     | Killed a two-headed ogre
  4220 | D:10     | Found a staircase to the Lair.
  4258 | Lair:1   | Entered Level 1 of the Lair of Beasts
  4263 | Lair:1   | Identified the +0 robe of Valiance {Rampage rPois SInv}
  4410 | Lair:2   | Found a dark tunnel.
  4527 | Volcano  | Entered a volcano
  4543 | Volcano  | Noticed a centaur warrior
  4679 | Lair:2   | Noticed an elephant
  4683 | Lair:2   | Noticed an elephant
  4685 | Lair:2   | Noticed an elephant
  4686 | Lair:2   | Noticed an elephant
  4697 | Lair:2   | Killed an elephant
  4702 | Lair:2   | Killed an elephant
  4710 | Lair:2   | Killed an elephant
  4714 | Lair:2   | Killed an elephant
  4724 | Lair:2   | Learned a level 6 spell: Iron Shot
  4785 | Lair:1   | Noticed a seven-headed hydra
  4892 | Lair:2   | Reached XP level 11. HP: 41/58 MP: 16/25
  4918 | Lair:1   | Noticed an eight-headed hydra
  4967 | Lair:3   | Found a staircase to the Shoals.
  5190 | Lair:3   | Noticed an eight-headed hydra
  5210 | Lair:3   | Identified the +2 robe of Gestures {Int+4}
  5518 | Lair:4   | Noticed a boulder beetle
  5530 | Lair:4   | Killed a boulder beetle
  5531 | Lair:4   | Reached skill level 10 in Fire Magic
  5640 | Lair:4   | Found a hole to the Spider Nest.
  5658 | Lair:5   | Reached skill level 10 in Dodging
  5712 | Lair:4   | Noticed a boulder beetle
  5713 | Lair:4   | Found an ornate altar of the Wu Jian Council.
  5733 | Lair:4   | Found a hide-covered altar of Uskayaw.
  5734 | Lair:4   | Killed a boulder beetle
  5735 | Lair:4   | Reached skill level 10 in Spellcasting
  5742 | Lair:4   | Noticed a seven-headed hydra
  5746 | Lair:4   | Slain by a black mamba

Illustrated notes

Levels and vault maps discovered:
D:1:      heliophobic_arrival_glass_houses, layout_loops_ring,
          shapermc_ecumenical_altar_acropolis, minmay_gold_behind_fungi,
          minmay_indecisive_spiral
D:2:      layout_rooms, minmay_misc_feat_iff, minmay_misc_feat_more_columns,
          uniq_jessica, uniq_natasha
D:3:      layout_rooms, fedhas_altar_3, kiku_gazebo_pond_becter
D:4:      layout_rooms, mainiacjoe_overflow_24_doors, serial_rivers,
          chequers_serial_rivers_micro_a, chequers_serial_rivers_small_b,
          chequers_serial_rivers_large_a, chequers_serial_rivers_room_b,
          minmay_manual_monstrance
D:5:      layout_loops_cross, mainiacjoe_overflow_alcove_1,
          makhleb_grotto_becter, minmay_temple_entry_waves,
          kennysheep_opposing_triangles
D:6:      minmay_general_purpose_star, layout_gridville, lemuel_tele_altar
D:7:      layout_loops_ring, nicolae_sif_muna_condensation,
          chequers_temple_overflow_statue_of_worship, gammafunk_ghost_grave
D:8:      layout_cave_pools, old_standard_altar, enter_ossuary_5,
          kennysheep_path_1, grunt_decor_cap,
          hangedman_abyss_or_decor_lesser_grid
D:9:      layout_roguey, lemuel_round_altar, elyvilon_altar_5,
          nicolae_hepliaklqana_monster_ancestors, erik_orc_2, uniq_pikel,
          uniq_erolcha
D:10:     layout_rooms, david_lair_generic, uniq_joseph, uniq_harold, uniq_grum
Temple:   dpeg_three_leaves_temple
Lair:1:   layout_cellular_growth, gammafunk_ghost_hive, uniq_nergalle,
          uniq_maggie
Lair:2:   layout_cave_pods, enter_volcano_3, chequers_serial_rivers_micro_b
Lair:3:   layout_loops_ring, minmay_shoals_entry_beasts
Lair:4:   layout_regular_city, spider_nest_entry_web_field,
          nicolae_quartered_pool_super, nzn_masters_of_martial_movement
Lair:5:   layout_roguey, lemuel_fruit_tree, serial_bayou_shore_b,
          grunt_megastairs_2

Skill      XL: |  1  2  3  4  5  6  7  8  9 10 11 |
---------------+----------------------------------+-----
Spellcasting   | 1 2 3 5 8 10 | 10.1
Conjurations   | 1 2 4 6 8 9 |  9.0
Fire Magic     | 1 2 4 6 8 9 10 | 10.5
Short Blades   | 4 |  4.0
Earth Magic    | 5 8 9 |  9.0
Dodging        | 5 8 10 | 10.1
Fighting       | |  2.4
Stealth        | |  2.4

Action                   |  1- 3 |  4- 6 |  7- 9 | 10-12 || total
-------------------------+-------+-------+-------+-------++-------
Melee: Short sword       |    20 |       |       |       ||    20
       Dagger            |    95 |   142 |   148 |    83 ||   468
       Rapier            |       |     8 |       |       ||     8
 Cast: Foxfire           |       |    40 |   157 |    75 ||   272
       Magic Dart        |       |       |    11 |     6 ||    17
       Sticky Flame      |       |       |    15 |    40 ||    55
       Conjure Flame     |       |       |     5 |     9 ||    14
       Bolt of Magma     |       |       |     1 |    13 ||    14
Evoke: Wand              |       |       |     2 |       ||     2
  Use: Scroll            |     3 |     1 |     7 |     9 ||    20
       Potion            |       |       |     1 |     4 ||     5
 Stab: Sleeping          |     6 |     5 |     2 |     2 ||    15
       Distracted        |       |     1 |       |       ||     1
Armor: Robe              |    19 |    31 |       |    17 ||    67
       Ring mail         |       |    14 |    59 |    10 ||    83
       Skin              |       |       |    18 |       ||    18
Dodge: Dodged            |    58 |    77 |    85 |    79 ||   299
